Map: Terraform LE (Void)

Players

PinheadLarry (Astrea) - Winner!

  • Race: Protoss Protoss
  • League: Diamond

desRow

  • Race: Protoss Protoss
  • League: Diamond

Event: ASL Season 5 Prime League LOTV Beta

VOD

Have the link to the VOD?

Description

Time

  • Played on: Sept. 5, 2015, 9:55 p.m.
  • Length: 8:21

All games in this series

Show
View Real Time Build Order
Export as new Build Order

PinheadLarry Protoss - Winner!

Build Orders: 1 Gate Expand 

Get SALT Encoding   

  12  0:00  Probe (Chrono Boost)  
  13  0:10  Probe (Chrono Boost)  
  14  0:18  Pylon  
  14  0:20  Probe (Chrono Boost)  
  15  0:36  Probe (Chrono Boost)  
  15  0:37  Gateway  
  16  0:46  Probe (Chrono Boost)  
  16  0:48  Assimilator  
  17  0:56  Probe (Chrono Boost)  
  18  1:06  Probe (Chrono Boost)  
  19  1:18  Nexus  
  19  1:27  Cybernetics Core  
  19  1:31  Probe (Chrono Boost)  
  20  1:41  Assimilator  
  20  1:42  Probe (Chrono Boost)  
  21  1:52  Probe (Chrono Boost), Pylon  
  22  2:00  Warp Gate (Chrono Boost)  
  22  2:02  Probe (Chrono Boost)  
  23  2:10  Adept  
  26  2:16  Mothership Core (Chrono Boost)  
  27  2:28  Pylon  
  27  2:31  Probe (Chrono Boost)  
  27  2:32  Probe (Chrono Boost)  
  29  2:38  Stalker  
  29  2:42  Probe  
  29  2:43  Probe  
  33  2:55  Gateway  
  33  3:01  Gateway  
  33  3:08  Pylon  
  33  3:11  Probe  
  33  3:13  Probe  
  34  3:21  Probe  
  34  3:25  Probe  
  34  3:36  Robotics Facility  
  34  3:39  Probe  
  34  3:42  Probe  
  35  3:54  Probe  
  35  3:55  Adept x2  
  38  3:57  Adept  
  42  4:07  Pylon  
  42  4:16  Stalker  
  44  4:17  Stalker  
  44  4:18  Stalker  
  48  4:26  Immortal  
  51  4:33  Probe  
  51  4:35  Probe  
  49  4:43  Probe  
  48  4:48  Probe  
  50  4:54  Sentry x2, Probe  
  50  4:56  Sentry  
  57  5:00  Probe  
  58  5:07  Immortal  
  62  5:16  Pylon  
  61  5:24  Stalker  
  61  5:28  Adept  
  53  5:29  Probe  
  53  5:31  Probe  
  55  5:35  Adept  
  55  5:40  Immortal  
  61  5:54  Pylon  
  61  5:57  Zealot x2  
  63  6:08  Pylon  
  63  6:12  Mothership Core  
  58  6:27  Stalker  
  58  6:29  Stalker  
  57  6:42  Stalker  
  53  6:52  Stalker  
  55  6:59  Stalker  
  57  7:11  Stalker, Probe x2  
  61  7:16  Pylon  
  61  7:18  Stalker  
  62  7:28  Stalker  
  63  7:30  Pylon  
  61  7:52  Stalker  
  61  7:55  Zealot x2  
  61  8:08  Probe x2 (Chrono Boost)  
Show
View Real Time Build Order
Export as new Build Order

desRow Protoss 

Build Orders: Oracle Opening, Mass Adepts 

Get SALT Encoding   

  12  0:01  Probe (Chrono Boost)  
  13  0:11  Probe (Chrono Boost)  
  14  0:18  Pylon  
  14  0:21  Probe (Chrono Boost)  
  15  0:36  Probe (Chrono Boost)  
  15  0:37  Gateway  
  16  0:46  Probe (Chrono Boost)  
  16  0:49  Assimilator  
  17  0:56  Probe (Chrono Boost), Pylon  
  18  1:01  Assimilator  
  18  1:07  Probe (Chrono Boost)  
  19  1:17  Probe (Chrono Boost)  
  20  1:19  Gateway  
  20  1:27  Probe (Chrono Boost)  
  21  1:34  Cybernetics Core  
  21  1:38  Probe (Chrono Boost)  
  22  1:48  Probe (Chrono Boost)  
  23  1:58  Probe (Chrono Boost)  
  24  2:08  Warp Gate (Chrono Boost)  
  24  2:12  Adept (Chrono Boost)  
  24  2:13  Adept (Chrono Boost)  
  28  2:16  Pylon  
  28  2:20  Stargate  
  28  2:29  Pylon  
  28  2:36  Adept  
  30  2:37  Adept  
  32  2:47  Gateway  
  33  3:05  Adept x2  
  31  3:28  Oracle (Chrono Boost)  
  34  3:59  Oracle (Chrono Boost)  
  37  4:03  Stalker x3  
  37  4:06  Pylon  
  41  4:22  Gateway  
  41  4:26  Adept x2  
  41  4:27  Adept  
  47  4:47  Adept x3  
  53  4:56  Pylon  
  53  5:07  Adept  
  53  5:12  Pylon  
  53  5:13  Oracle (Chrono Boost)  
  50  5:29  Stalker x3  
  50  5:31  Adept  
  54  5:56  Adept x3  
  60  5:57  Adept  
  60  6:19  Adept  
  60  6:20  Adept x3  
  66  6:38  Oracle  
  65  6:47  Adept x2  
  65  6:50  Adept  
  67  7:07  Adept  
  67  7:08  Adept  
  69  7:28  Adept x2  
  71  7:32  Pylon  
  65  7:42  Adept  
  65  7:43  Adept  
  59  8:04  Adept x4  
Tags
 
Add a new tag
Caveats
  • Supply blocks, unpowered buildings, or Contaminate may cause inaccurate times.
  • Supply counts are checked every 10 seconds.